AoeStats
← Burrakomaister

Scandinavia

510451708Analyzed
1v1 RM · 23h ago on Oct 1, 2026· 63m 30s· 2 players
Game mode
Random Map
Map size
Tiny (2 player)
Population
200
Speed
Normal
Resources
Standard
Victory
Conquest
Starting age
Dark Age
Ending age
Imperial Age
RankedLock teamsTeams togetherTeam positionsShared explorationLock speedFull tech treeHidden civsTurbo modeCheats
Victory
Defeat
🇨🇴 Mongols · Colombia
957
+15
🇨🇱 Franks · Chile
942
-15
Burrakomaister
11:34 Feudal Age
12:08 Man-at-Arms
12:35 Double-Bit Axe
13:44 Arson
24:01 Castle Age
23:58 Forging
24:32 Light Cavalry
26:15 Bow Saw
33:25 Wheelbarrow
37:10 Imperial Age
36:16 Ballistics
36:40 Gold Mining
37:24 Scale Mail Armor
38:58 Elite Throwing Axeman
43:53 Iron Casting
43:34 Chain Mail Armor
45:10 Chemistry
48:00 Plate Mail Armor
48:31 Blast Furnace
47:29 Elite Skirmisher
49:26 Gold Shaft Mining
53:08 Fletching
53:20 Padded Archer Armor
61:12 Scale Barding Armor
62:13 Chain Barding Armor
62:22 Husbandry
62:39 Stone Mining
62:39 Cavalier
Bashir
3:48 Loom
10:22 Feudal Age
11:34 Double-Bit Axe
12:16 Fishing Lines
14:46 Horse Collar
18:07 Castle Age
16:36 Fletching
16:48 Padded Archer Armor
19:49 Crossbowman
20:35 Thumb Ring
24:08 Wheelbarrow
23:19 Town Watch
23:49 Bodkin Arrow
24:51 Leather Archer Armor
25:20 Scale Mail Armor
25:45 Gillnets
26:29 Chain Mail Armor
29:57 Forging
29:39 Pikeman
30:20 Squires
32:08 Iron Casting
35:03 Ballistics
37:30 Imperial Age
35:06 Town Patrol
36:28 Masonry
38:18 Bracer
37:43 Heavy Cavalry Archer
40:07 Blast Furnace
39:27 Heavy Cavalry Archer
40:33 Parthian Tactics
41:38 Plate Mail Armor
42:41 Chemistry
41:48 Siege Engineers
46:39 Elite Mangudai
47:41 Conscription
48:15 Hand Cart
48:43 Gold Mining
49:05 Bow Saw
48:58 Heavy Plow
49:51 Hoardings
49:38 Drill
50:14 Heavy Scorpion
50:23 Heavy Scorpion
57:06 Light Cavalry
57:57 Bloodlines
57:47 Husbandry
60:46 Hussar
62:54 Blast Furnace
62:00 Scale Barding Armor
Connection lost

Rejoining the realm…

Still unreachable

The connection could not be restored.

Session expired

The server has moved on; the page needs a fresh start.